 Dungeon Crawl Stone Soup version 0.31-a0-968-g24f9ace8b5 (webtiles) character file.

Game seed: 14764213109594359123

74 PailKail the Chopper (level 4, -1/40 HPs)
             Began as a Draconian Berserker on Oct 27, 2023.
             Was a Follower of Trog.
             Succumbed to an adder's poison
             ... on level 3 of the Dungeon.
             The game lasted 00:03:03 (1467 turns).

PailKail the Chopper (Draconian Berserker)          Turns: 1467, Time: 00:03:04

Health: -1/40      AC:  5    Str: 21    XL:     4   Next: 9%
Magic:  4/4        EV: 12    Int:  7    God:    Trog [*.....]
Gold:   79         SH:  0    Dex: 11    Spells: 3/3 levels left

rFire   . . .        f - +0 war axe
rCold   . . .        (no shield)
rNeg    . . .        (body armour unavailable)
rPois   .            (helmet restricted)
rElec   .            (no cloak)
rCorr   +            (no gloves)
SInv    .            (no boots)
Will    .....        (no amulet)
Stlth   +            d - ring of resist corrosion
HPRegen 0.26/turn    (no ring)
MPRegen 0.09/turn

%: no passive effects
@: lethally poisoned (-1 -> -5)
A: AC +5, unfitting armour, cold-blooded
a: Renounce Religion, Berserk


You were on level 3 of the Dungeon.
You worshipped Trog.
Trog was aware of your devotion.
You visited 1 branch of the dungeon, and saw 3 of its levels.

You collected 79 gold pieces.

Inventory:

Hand Weapons
 f - a +0 war axe (weapon)
Jewellery
 d - a ring of resist corrosion (left hand)
Potions
 a - 2 potions of enlightenment


   Skills:
 + Level 3.6 Fighting
 * Level 4.1 Axes
 * Level 3.4 Dodging


You had 3 spell levels left.
You didn't know any spells.
Your spell library was empty.

Dungeon Overview and Level Annotations

Branches:
Dungeon (3/15)

Altars:


Innate Abilities, Weirdness & Mutations

Your plain brown scales are hard. (AC +5)
You cannot fit into any form of body armour.
You are cold-blooded and may be slowed by cold attacks.


Message History

The adder is heavily wounded.
You feel sick. The adder misses you. The adder bites you.
* * * LOW HITPOINT WARNING * * *
You hit the adder.
The adder is severely wounded.
You feel sick. The adder barely misses you. The adder misses you.
You miss the adder.
The adder is severely wounded.
You feel sick. The adder completely misses you.
You miss the adder.
The adder is severely wounded.
You feel sick.
You are no longer poisoned.
The adder bites you but does no damage. The adder bites you.
* * * LOW HITPOINT WARNING * * *
You miss the adder.
The adder is severely wounded.
The adder barely misses you. The adder bites you but does no damage.
You miss the adder.
The adder is severely wounded.
The adder bites you.
* * * LOW HITPOINT WARNING * * *
You are poisoned.
The adder poisons you! The adder bites you.
* * * LOW HITPOINT WARNING * * *
You are lethally poisoned!
The adder poisons you!
You barely miss the adder.
The adder is severely wounded.
* * * LOW HITPOINT WARNING * * *
You feel very sick. The adder bites you.
* * * LOW HITPOINT WARNING * * *
You barely miss the adder.
The adder is severely wounded.
* * * LOW HITPOINT WARNING * * *
You feel sick.
The adder bites you but does no damage. x2
You hit the adder.
The adder is almost dead.
You die...

#.........##.####
#..####.#.##..
#..# #...####
#..#####.##
#.....#~.~#
##..####~.~#
#..## #~.~# #.##
#~.≈# #@# #~.≈#
#..S.....#~.≈#
#.........#≈.~#
#..........#
#.#........#
...########## .##


You could see an adder.

Vanquished Creatures
  An orc wizard (D:2)
  A worm (D:2)
  A dart slug (D:2)
  3 orcs (D:2)
  A ball python (D:1)
  A bat (D:1)
  4 endoplasms (D:1)
  2 giant cockroaches
  A goblin (D:2)
  8 hobgoblins
  2 jackals (D:1)
  5 kobolds
  A quokka (D:2)
  2 frilled lizards
  3 rats
36 creatures vanquished.

Notes
Turn   | Place    | Note
-------+----------+-------------------------------------------
     0 | D:1      | PailKail the Draconian Berserker began the quest for the
                  | Orb.
     0 | D:1      | Reached XP level 1. HP: 19/19 MP: 1/1
   141 | D:1      | Reached XP level 2. HP: 15/26 MP: 2/2
   405 | D:1      | Found a faded altar of an unknown god.
   631 | D:2      | Reached XP level 3. HP: 24/31 MP: 3/3
   697 | D:2      | You fall into a shaft and drop 1 floor!
   977 | D:2      | Reached skill level 4 in Axes
   979 | D:2      | Reached XP level 4. HP: 39/39 MP: 4/4
  1466 | D:3      | HP: 1/40 [poisoned by an adder]
  1467 | D:3      | Succumbed to an adder's poison

Illustrated notes

Levels and vault maps discovered:
D:1:      dpeg_arrival_rooms_b, layout_rooms,
          hellmonk_ecumenical_altar_dog_temple, minmay_quantized
D:2:      layout_loops_ring
D:3:      layout_basic, mainiacjoe_overflow_surrounded_room,
          amcnicky_mini_rare_corridor_liquid, small_statue_intersection

Skill      XL: |  1  2  3 |
---------------+----------+-----
Dodging        | 3 |  3.4
Axes           | 4 |  4.1
Fighting       | |  3.6

Action                     |  1- 3 |  4- 6 || total
---------------------------+-------+-------++-------
  Melee: Hand axe          |    49 |       ||    49
         Tailslap          |    19 |     2 ||    21
         War axe           |    57 |    32 ||    89
         Punch             |     1 |       ||     1
 Invoke: Berserk           |     1 |       ||     1
    Use: Scroll            |     2 |     2 ||     4
         Potion            |     2 |       ||     2
   Stab: Sleeping          |     2 |       ||     2
 Armour: Skin              |    62 |    24 ||    86
  Dodge: Dodged            |    66 |    20 ||    86

Table legend: (Time is in decaauts)
 A = Elapsed time spent in this place.
 B = Non-inter-level travel time spent in this place.
 C = Inter-level travel time spent in this place.
 D = Time resting spent in this place.
 E = Time spent auto-exploring this place.
 F = Levels seen in this place.
 G = Mean time per level.
                   A        B        C        D        E       F      G
               +--------+--------+--------+--------+--------+-----+--------+
         Total |   1509 |   1502 |      7 |      0 |   1137 |   3 |  503.0 |
       Dungeon |   1509 |   1502 |      7 |      0 |   1137 |   3 |  503.0 |
               +--------+--------+--------+--------+--------+-----+--------+

Top non-repeatable levels by time:
     D:2: 814 daAuts
     D:1: 629 daAuts
     D:3: 66 daAuts
